 Dungeon Crawl Stone Soup version 0.27-a0-732-ga892ba84f6 (webtiles) character file.

Game seed: 5044154685318137435

27498 jasper the Thaumaturge (level 13, -2/97 HPs)
             Began as a Djinni Fire Elementalist on Mar 23, 2021.
             Was a High Priest of Makhleb.
             Engulfed by a cloud of freezing vapour (25 damage)
             ... in an ice cave.
             The game lasted 00:40:43 (19946 turns).

jasper the Thaumaturge (Djinni Fire Elementalist)  Turns: 19946, Time: 00:40:44

Health: -2/97      AC: 15    Str:  7    XL:     13   Next: 32%
Magic:  0/0        EV: 13    Int: 31    God:    Makhleb [*****.]
Gold:   885        SH:  6    Dex: 15    Spells: 4/37 levels left

rFire    + + .     SeeInvis .   G - +4 hand axe (freeze)
rCold    . . .     Faith    .   F - +1 buckler {AC+3}
rNeg     + . .     Spirit   .   K - +3 ring mail {Will+}
rPois    ∞         Reflect  .   i - +0 hat of Ati Rong {rC+ Int+2 Dex+2}
rElec    .         Harm     .   I - +2 cloak
rCorr    .         Rampage  .   (no gloves)
Will     ++...                  (boots unavailable)
Stlth    +.........             (no amulet)
HPRegen  0.26/turn              z - ring of positive energy
MPRegen  0.00/turn              o - +6 ring of intelligence

@: flying
A: fire resistance 2, cold vulnerability 1, float, innate caster, hp casting,
extra vitality 1
a: Renounce Religion, Minor Destruction, Lesser Servant of Makhleb, Major
Destruction, Greater Servant of Makhleb


You were in an ice cave.
You worshipped Makhleb.
Makhleb was extremely pleased with you.
You visited 3 branches of the dungeon, and saw 17 of its levels.
You also visited: Ice Cave.

You collected 885 gold pieces.

Inventory:

Hand Weapons
 b - a +2 dagger of speed
 g - a +1 flail
 h - a +0 dagger of draining
 E - a +0 whip
 G - a +4 hand axe of freezing (weapon)
Missiles
 c - 71 bolts
 d - 68 poisoned darts
 l - 315 stones
 s - 5 atropa-tipped darts
 J - 3 throwing nets
 L - 5 curare-tipped darts
Armour
 a - a +0 robe
 e - a +0 ring mail
 i - the +0 hat of Ati Rong (worn) {rC+ Int+2 Dex+2}
   (You acquired it on level 12 of the Dungeon)

   It affects your intelligence (+2).
   It affects your dexterity (+2).
   It protects you from cold.
 y - a +0 helmet
 A - a +0 cloak
 F - a +1 buckler of protection (worn)
 H - a +0 pair of boots
 I - a +2 cloak (worn)
 K - a +3 ring mail of willpower (worn)
Magical Staves
 k - a staff of cold
 T - a staff of death
Jewellery
 o - a +6 ring of intelligence (left hand)
 p - a ring of fire
 w - a ring of flight
 z - a ring of positive energy (right hand)
Wands
 f - a wand of digging (7)
 q - a wand of polymorph (10)
 t - a wand of paralysis (11)
 B - a wand of iceblast (23)
 D - a wand of flame (7)
 N - a wand of acid (4)
Scrolls
 m - 4 scrolls of teleportation
 n - a scroll of magic mapping
 v - 2 scrolls of silence
 P - a scroll of blinking
 Q - 4 scrolls of identify
 R - 2 scrolls of fear
Potions
 j - 2 potions of invisibility
 r - a potion of brilliance
 u - a potion of flight
 x - 4 potions of curing
 C - 2 potions of might
 M - a potion of ambrosia
 O - 2 potions of lignification
 S - a potion of degeneration


   Skills:
 + Level 10.7 Fighting
 - Level 5.0 Armour
 - Level 9.2 Dodging
 - Level 1.5 Stealth
 - Level 4.0 Shields
 * Level 12.8 Spellcasting
 - Level 6.0 Invocations
 + Level 2.2 Evocations


You had 4 spell levels left.
You knew the following spells:

 Your Spells              Type           Power      Damage    Failure   Level
a - Foxfire               Conj/Fire      100%       2x1d9     1%          1
b - Conjure Flame         Conj/Fire      78%        6-21      1%          3
c - Inner Flame           Hex/Fire       78%        N/A       1%          3
d - Sticky Flame          Conj/Fire      78%        2d9       1%          4
e - Fireball              Conj/Fire      39%        3d16      1%          5
f - Searing Ray           Conj           100%       3d7       1%          2
g - Lesser Beckoning      Tloc           39%        N/A       1%          3
h - Dazzling Flash        Conj/Hex       100%       N/A       1%          3
i - Fulminant Prism       Conj/Hex       39%        3d18      1%          4
j - Irradiate             Conj/Tmut      39%        3d26      1%          5
Your spell library was empty.

Dungeon Overview and Level Annotations

Branches:
Dungeon (13/15)            Temple (1/1) D:4            Lair (3/6) D:9
 Shoals (0/4) Lair:3          Orc (0/2) D:10          IceCv (1/1)
  Snake: Lair:2-4    Spider: Lair:2-4    Vaults: D:13-14

Altars:
Ashenzari
Cheibriados
Dithmenos
Elyvilon
Fedhas
Gozag
Hepliaklqana
Kikubaaqudgha
Makhleb
Nemelex Xobeh
Okawaru
Qazlal
Ru
Sif Muna
Trog
Uskayaw
Vehumet
Wu Jian
Xom
Yredelemnul
Zin
The Shining One

Annotations:
D:9 1 runed translucent door, jasper's ghost, novice DsDe
D:13 Erolcha


Innate Abilities, Weirdness & Mutations

You are immune to poison.
Your flesh is very heat resistant. (rF++)
You are vulnerable to cold. (rC-)
You float through the air rather than walking.
You learn spells naturally, not from books.
Your magical power is your life essence.
You have superior vitality. (+4 HP)


Message History

Marking area around an ice statue as unsafe for travelling.
Casting: Fireball (dangerous; 1% risk of failure)
Confirm with . or Enter, or press ? or * to list all spells.
Aiming: Fireball (dangerous; 1% risk of failure)
Press: ? - help, Shift-Dir - straight line, f - ice statue
Aim: an ice statue The fireball explodes!
The fireball engulfs the ice statue!!!
The ice statue melts!
The ice statue is heavily damaged.
You are engulfed in freezing vapours.
You hear a bellow!
You take 20 damage, and have 77/97 hp.
MASSIVE DAMAGE!!
Casting: Fireball (dangerous; 1% risk of failure)
Confirm with . or Enter, or press ? or * to list all spells.
Aiming: Fireball (dangerous; 1% risk of failure)
Press: ? - help, Shift-Dir - straight line, f/p - ice statue
Aim: an ice statue (heavily damaged)
The fireball explodes!
The fireball engulfs the ice statue!!
The ice statue melts!
The ice statue is severely damaged.
You are engulfed in freezing vapours.
You take 23 damage, and have 54/97 hp.
MASSIVE DAMAGE!!
Casting: Fireball (dangerous; 1% risk of failure)
Confirm with . or Enter, or press ? or * to list all spells.
Aiming: Fireball (dangerous; 1% risk of failure)
Press: ? - help, Shift-Dir - straight line, f/p - ice statue
Aim: an ice statue (severely damaged)
The fireball explodes!
The fireball engulfs the ice statue!!!
The ice statue melts!
You destroy the ice statue!
Makhleb accepts your kill.
You feel better.
You are engulfed in freezing vapours.
You hear a bellow!
You take 10 damage, and have 44/97 hp.
You are engulfed in freezing vapours.
* * * LOW HITPOINT WARNING * * *
You take 21 damage, and have 23/97 hp.
MASSIVE DAMAGE!!
Really fly into that cloud of freezing vapour?
You are engulfed in freezing vapours.
You die...

#......## ###
#..##...## #.##
#...##...### ###
##.## ##..####...##
..
##.#####..####...#
.. ##..##.#..###..##
.# #....#.≈..##..#
..#
##...##..##..####○.#
#[#..#°.##.).@.#°☼#
#####..####.#○○°°#
##.## ######## ##..#
#...## ##÷÷.# #...##
#...# #.∩.#


There were no monsters in sight!

Vanquished Creatures
  Harold (D:11)
  3 hydras (Lair:2)
  A catoblepas (Lair:3)
  2 two-headed ogres
  Sonja (D:11)
  Pikel (D:8)
  2 ugly things (D:12)
  A manticore (Lair:3)
  An ice statue (IceCv)
  2 black mambas (Lair:1)
  A gargoyle (D:12)
  Psyche (D:8)
  4 cane toads
  5 komodo dragons
  2 trolls (D:10)
  A wind drake (Lair:3)
  3 polar bears
  3 blink frogs (Lair:3)
  Sigmund (D:6)
  A shadow (D:8)
  5 wyverns
  19 yaks
  6 spriggans (Lair:2)
  2 vampires
  4 basilisks
  A steam dragon (D:9)
  Menkaure (D:6)
  A soldier ant (D:13)
  6 water moccasins
  An acid dragon (D:9)
  13 ice beasts
  8 orc warriors
  A black bear (Lair:1)
  A necrophage (D:8)
  4 sky beasts
  10 ogres
  8 wolves
  A lemure (D:8)
  6 centaurs
  5 phantoms
  2 kobold brigands (D:9)
  9 bullfrogs
  6 scorpions
  5 killer bees (D:9)
  5 wights (D:10)
  3 howler monkeys
  An electric eel (D:10)
  2 bullfrog zombies
  2 centaur zombies
  4 jellies
  2 bullfrog skeletons (D:7)
  7 hounds
  2 centaur skeletons (D:10)
  8 orc priests
  2 gnoll shamans
  2 iguanas
  9 orc wizards
  7 hell rats (Lair:2)
  8 worker ants
  A killer bee zombie (D:7)
  3 hound skeletons (D:4)
  A howler monkey zombie (D:8)
  A worker ant zombie (D:6)
  9 adders
  5 gnolls (D:9)
  3 shadow imps
  5 white imps
  An ufetubus (D:5)
  5 adder skeletons
  A worm (D:4)
  32 orcs
  7 ball pythons
  7 bats
  8 giant cockroaches
  7 goblins
  3 hobgoblins
  12 jackals
  10 kobolds
  5 oozes
  8 quokkas
  6 frilled lizards
  2 quokka skeletons
  3 rats
371 creatures vanquished.

Vanquished Creatures (others)
  A yak (IceCv)
  2 kobolds (D:9)
  407 foxfires
  2 fulminant prisms
  9 fungi
  27 plants
448 creatures vanquished.

Grand Total: 819 creatures vanquished

Notes
Turn   | Place    | Note
-------+----------+-------------------------------------------
     0 | D:1      | jasper the Djinni Fire Elementalist began the quest for the
                  | Orb.
     0 | D:1      | Reached XP level 1. HP: 15/15 MP: 0/0
   384 | D:1      | Reached XP level 2. HP: 20/22 MP: 0/0
   534 | D:1      | Reached skill level 1 in Fighting
  1057 | D:1      | Reached skill level 3 in Spellcasting
  1192 | D:1      | Reached XP level 3. HP: 23/27 MP: 0/0
  1423 | D:2      | Found a white marble altar of Elyvilon.
  1786 | D:2      | Reached XP level 4. HP: 24/33 MP: 0/0
  1988 | D:2      | Found a sacrificial altar of Ru.
  2735 | D:3      | Found a glowing golden altar of the Shining One.
  2830 | D:3      | Found a shimmering altar of Xom.
  2833 | D:3      | Found a snail-covered altar of Cheibriados.
  2834 | D:3      | Found a bloodstained altar of Trog.
  2834 | D:3      | Found a sparkling altar of Nemelex Xobeh.
  3255 | D:4      | Found a broken altar of Ashenzari.
  3295 | D:4      | Identified the +1 plate armour of the Vestibule of Hell
                  | {MP+9 Str+5 Slay-4}
  3315 | D:3      | Reached XP level 5. HP: 14/38 MP: 0/0
  3315 | D:3      | Learned a level 2 spell: Searing Ray
  3518 | D:4      | Reached skill level 4 in Spellcasting
  3640 | D:4      | Noticed a centaur
  3647 | D:4      | Noticed a phantom
  3656 | D:4      | Killed a centaur
  3657 | D:4      | Reached XP level 6. HP: 23/45 MP: 0/0
  4049 | D:4      | Found a staircase to the Ecumenical Temple.
  4067 | Temple   | Entered the Ecumenical Temple
  4135 | D:4      | Reached skill level 5 in Spellcasting
  4135 | D:4      | Reached XP level 7. HP: 23/50 MP: 0/0
  4135 | D:4      | Learned a level 3 spell: Lesser Beckoning
  5001 | D:5      | Entered Level 5 of the Dungeon
  5263 | D:5      | Found a blossoming altar of Fedhas.
  5343 | D:5      | Reached skill level 5 in Dodging
  5928 | D:6      | Reached XP level 8. HP: 56/58 MP: 0/0
  6033 | D:6      | Reached skill level 6 in Spellcasting
  6073 | D:6      | Found a burning altar of Makhleb.
  6087 | D:6      | Became a worshipper of Makhleb the Destroyer
  6275 | D:6      | Noticed Menkaure
  6283 | D:6      | Killed Menkaure
  6284 | D:6      | Reached skill level 1 in Invocations
  6430 | D:6      | Noticed Sigmund
  6439 | D:6      | Killed Sigmund
  6440 | D:6      | Reached skill level 5 in Fighting
  6977 | D:7      | Reached XP level 9. HP: 61/65 MP: 0/0
  6977 | D:7      | Learned a level 3 spell: Dazzling Flash
  7017 | D:7      | Reached skill level 7 in Spellcasting
  7448 | D:7      | Noticed a two-headed ogre
  8658 | D:8      | Noticed Psyche
  8662 | D:8      | Killed Psyche
  8999 | D:8      | Noticed Pikel
  9002 | D:8      | Killed Pikel
  9003 | D:8      | Reached skill level 8 in Spellcasting
  9003 | D:8      | Reached XP level 10. HP: 57/73 MP: 0/0
  9425 | D:8      | Noticed a two-headed ogre
  9431 | D:8      | Killed a two-headed ogre
  9445 | D:8      | Reached skill level 5 in Invocations
  9838 | D:8      | Reached * piety under Makhleb
 10590 | D:9      | Reached skill level 9 in Spellcasting
 10889 | D:9      | Found a runed translucent door.
 10889 | D:9      | Found a shimmering altar of Xom.
 10889 | D:9      | Noticed jasper's ghost (novice DsDe)
 10889 | D:9      | Noticed a +1 dire flail of chaos
 11220 | D:9      | Reached ** piety under Makhleb
 11706 | D:9      | Reached XP level 11. HP: 79/79 MP: 0/0
 11706 | D:9      | Learned a level 4 spell: Fulminant Prism
 11825 | D:9      | Found a staircase to the Lair.
 12073 | D:10     | Entered Level 10 of the Dungeon
 12246 | D:10     | Reached skill level 1 in Shields
 13006 | D:10     | Reached *** piety under Makhleb
 13184 | D:10     | Reached skill level 10 in Spellcasting
 13544 | D:10     | Found a staircase to the Orcish Mines.
 13741 | D:10     | Identified the +4 whip of Xoug {vorpal, rF+ Will- Str+2
                  | Dex+4}
 13829 | D:11     | Noticed Harold
 13829 | D:11     | Noticed Sonja
 13832 | D:11     | Killed Sonja
 13836 | D:11     | Killed Harold
 14195 | D:11     | Noticed a two-headed ogre
 14200 | D:11     | Killed a two-headed ogre
 14909 | D:12     | Identified a scroll of acquirement
 14909 | D:12     | Acquired the +0 hat of Ati Rong {rC+ Int+2 Dex+2}
 15421 | D:12     | Noticed a brown ugly thing
 15428 | D:12     | Killed a brown ugly thing
 15429 | D:12     | Reached XP level 12. HP: 35/89 MP: 0/0
 15868 | D:13     | Reached skill level 11 in Spellcasting
 16024 | D:13     | Noticed Erolcha
 16050 | D:12     | Reached skill level 1 in Armour
 16523 | Lair:1   | Entered Level 1 of the Lair of Beasts
 16587 | Lair:1   | Reached **** piety under Makhleb
 17780 | Lair:2   | Noticed a six-headed hydra
 17783 | Lair:2   | Killed a six-headed hydra
 18342 | Lair:2   | Noticed a five-headed hydra
 18356 | Lair:2   | Killed a five-headed hydra
 18576 | Lair:2   | Reached skill level 10 in Fighting
 18576 | Lair:2   | Reached skill level 12 in Spellcasting
 18893 | Lair:3   | Found a frozen archway.
 18990 | Lair:3   | Noticed an eight-headed hydra
 19000 | Lair:2   | Killed a nine-headed hydra
 19001 | Lair:2   | Reached XP level 13. HP: 40/96 MP: 0/0
 19001 | Lair:2   | Learned a level 5 spell: Irradiate
 19219 | Lair:3   | Reached skill level 5 in Armour
 19256 | Lair:3   | Found a staircase to the Shoals.
 19298 | Lair:3   | Reached ***** piety under Makhleb
 19301 | Lair:3   | Reached skill level 1 in Evocations
 19600 | IceCv    | Entered an ice cave
 19946 | IceCv    | Engulfed by a cloud of freezing vapour

Illustrated notes

Levels and vault maps discovered:
D:1:      noname_arrival_rooms_in_the_neighbourhood, layout_basic,
          minmay_misc_feat_diagonals, hangedman_decor_growths
D:2:      layout_rooms, overflow_temple_1_default, nicolae_ru_path_of_blood
D:3:      layout_loops_ring, grunt_temple_overflow_open, tso_oasis_becter,
          kennysheep_big_empty_room
D:4:      layout_cave_pools, lemuel_crystal_altar,
          minmay_temple_entry_purple_smoke, wad_rectangle_vault
D:5:      layout_loops_ring, fedhas_altar_3
D:6:      layout_cave_pools, makhleb_heckhound_becter, uniq_sigmund,
          uniq_menkaure
D:7:      minmay_recursive_quarters, layout_basic, minmay_misc_feat_five,
          minmay_alternating_orb
D:8:      cheibrodos_ideogram_h, layout_loops_ring, uniq_pikel, uniq_psyche
D:9:      layout_long_grid, erik_lair_dragon, ebering_ghost_xom
D:10:     layout_loops_ring, erik_orc_2, skrybe_limestone_x
D:11:     layout_long_grid, uniq_harold, uniq_sonja
D:12:     layout_basic
D:13:     layout_roguey, lightli_vaults_fourway_checkpoint,
          minmay_misc_feat_doors, nicolae_gozag_zags_fifth_avenue, uniq_erolcha
Temple:   nicolae_temple_no_exploring_needed
Lair:1:   layout_long_grid, infiniplex_staircase_pool_2
Lair:2:   layout_roguey, nicolae_lair_grove_arrangements,
          eino_small_chamber_without_monster, wad_woods_01
Lair:3:   layout_hall_layers, minmay_shoals_entry_beasts, special_room
          [special_room_bee], basic_altar, portal_ice_cave_entry_ice_beasts
IceCv:    ice_cave_caverns_02

Skill      XL: |  1  2  3  4  5  6  7  8  9 10 11 12 13 |
---------------+----------------------------------------+-----
Fighting       | 1 2 3 4 5 6 7 9 10 | 10.7
Spellcasting   | 3 4 5 6 8 9 10 12 | 12.8
Dodging        | 3 4 5 6 7 8 9 |  9.2
Invocations    | 2 4 5 6 |  6.0
Shields        | 4 |  4.0
Armour         | 4 5 |  5.0
Evocations     | 2 |  2.2
Stealth        | |  1.5

Action                   |  1- 3 |  4- 6 |  7- 9 | 10-12 | 13-15 || total
-------------------------+-------+-------+-------+-------+-------++-------
Melee: Flail             |       |     1 |     7 |    29 |       ||    37
       Hand axe          |       |       |       |    39 |     6 ||    45
 Cast: Foxfire           |    64 |    61 |    49 |    75 |     3 ||   252
       Searing Ray       |       |     5 |    32 |    61 |       ||    98
       Conjure Flame     |       |       |     2 |     1 |       ||     3
       Sticky Flame      |       |       |    10 |    35 |    10 ||    55
       Lesser Beckoning  |       |       |     1 |       |       ||     1
       Fireball          |       |       |     9 |    96 |    26 ||   131
       Inner Flame       |       |       |       |     5 |       ||     5
       Fulminant Prism   |       |       |       |     2 |       ||     2
       Irradiate         |       |       |       |       |     1 ||     1
Evoke: Wand              |       |       |       |       |     1 ||     1
  Use: Potion            |       |     3 |       |     1 |       ||     4
       Scroll            |       |       |    11 |     8 |       ||    19
Armor: Robe              |    13 |     7 |     5 |    25 |       ||    50
       Ring mail         |       |       |       |    34 |    11 ||    45
Dodge: Dodged            |    24 |    34 |    37 |   148 |    10 ||   253
Block: Buckler           |       |       |       |    44 |     3 ||    47

Table legend: (Time is in decaauts)
 A = Elapsed time spent in this place.
 B = Non-inter-level travel time spent in this place.
 C = Inter-level travel time spent in this place.
 D = Time resting spent in this place.
 E = Time spent auto-exploring this place.
 F = Levels seen in this place.
 G = Mean time per level.
                   A        B        C        D        E       F      G
               +--------+--------+--------+--------+--------+-----+--------+
         Total |  19981 |  19386 |    595 |   4896 |  11702 |  18 | 1110.1 |
       Dungeon |  16547 |  15985 |    562 |   3865 |   9799 |  13 | 1272.8 |
        Temple |      1 |      1 |      0 |      0 |      0 |   1 |    1.0 |
          Lair |   3085 |   3053 |     32 |    796 |   1852 |   3 | 1028.3 |
      Ice Cave |    345 |    345 |      0 |    235 |     51 |   1 |  345.0 |
               +--------+--------+--------+--------+--------+-----+--------+

Top non-repeatable levels by time:
     D:6: 1936 daAuts
     D:9: 1869 daAuts
     D:8: 1852 daAuts
    D:10: 1678 daAuts
    D:12: 1631 daAuts
     D:4: 1427 daAuts
  Lair:2: 1409 daAuts
     D:1: 1360 daAuts
  Lair:1: 1253 daAuts
     D:3: 1176 daAuts
     D:2: 1036 daAuts
     D:7: 865 daAuts
    D:11: 785 daAuts
     D:5: 750 daAuts
  Lair:3: 423 daAuts
